 Dungeon Crawl Stone Soup version 0.31.0-11-ge490571c62 (webtiles) character file.

Game seed: 8341353715322534357

130 qw the Skirmisher (level 4, -2/25 HPs)
             Began as a Deep Elf Hunter on Feb 3, 2024.
             Incinerated by a bombardier beetle (4 damage)
             ... with a burning spray
             ... on level 3 of the Dungeon.
             The game lasted 00:00:06 (1725 turns).

qw the Skirmisher (Deep Elf Hunter)                 Turns: 1725, Time: 00:00:07

Health: -2/25      AC:  3    Str: 10    XL:     4   Next: 90%
Magic:  6/6        EV: 12    Int: 14    God:
Gold:   145        SH:  0    Dex: 18    Spells: 3/3 levels left

rFire   . . .        a - +1 shortbow
rCold   . . .        (shield currently unavailable)
rNeg    . . .        c - +0 leather armour
rPois   .            (no helmet)
rElec   .            (no cloak)
rCorr   .            (no gloves)
SInv    .            (no boots)
Will    .....        (no amulet)
Stlth   +            (no ring)
HPRegen 0.24/turn    (no ring)
MPRegen 0.10/turn

%: no passive effects
@: on fire, glowing
A: no striking features
a: no special abilities


You were on level 3 of the Dungeon.
You visited 1 branch of the dungeon, and saw 3 of its levels.

You collected 145 gold pieces.


   Skills:
 - Level 1.5 Fighting
 + Level 8.3 Ranged Weapons
 - Level 2.4 Dodging
 - Level 1.2 Stealth


You had 3 spell levels left.
You didn't know any spells.
Your spell library was empty.

Inventory:

Hand Weapons
 a - a +1 shortbow (weapon)
Armour
 c - a +0 leather armour (worn)
Jewellery
 j - the ring of Uradugut {rF+ rC+ rN+ Str-5}
   (You found it on level 3 of the Dungeon)

   [ring of protection from fire]

   Str-5:     It affects your strength (-5).
   rF+:       It protects you from fire.
   rC+:       It protects you from cold.
   rN+:       It protects you from negative energy.
Scrolls
 b - a scroll of teleportation
 d - 2 scrolls of torment {unknown}
 f - 2 scrolls of brand weapon {unknown}
 g - a scroll of revelation {unknown}
Potions
 e - 2 potions of mutation
 h - a potion of might
 i - a potion of attraction {unknown}
 k - a potion of enlightenment {unknown}

Dungeon Overview and Level Annotations

Branches:
Dungeon (3/15)

Altars:


Message History

a +0 dagger; a goblin corpse An endoplasm comes into view.
You shoot an arrow. The arrow hits the endoplasm!
You kill the endoplasm!
A bombardier beetle comes into view.
You shoot an arrow. The arrow hits the bombardier beetle.
The bombardier beetle is lightly wounded.
You shoot an arrow.
The arrow completely misses the bombardier beetle.
You shoot an arrow.
The arrow hits the bombardier beetle but does no damage.
The bombardier beetle is lightly wounded.
You shoot an arrow.
The arrow completely misses the bombardier beetle.
You shoot an arrow.
The arrow barely misses the bombardier beetle.
You shoot an arrow.
The arrow barely misses the bombardier beetle.
The bombardier beetle sprays incendiary fluid at you.
The burning spray hits you.
You are covered in liquid fire!
You shoot an arrow. The arrow hits the bombardier beetle.
The bombardier beetle is heavily wounded.
The liquid fire burns you!
You shoot an arrow. The arrow hits the bombardier beetle.
The bombardier beetle is severely wounded.
The liquid fire burns you!
You shoot an arrow. The arrow hits the bombardier beetle.
You kill the bombardier beetle!
The liquid fire burns you!
Your Ranged Weapons skill increases to level 8!
You are on fire!
The liquid fire burns you!
You are on fire!
The liquid fire burns you!
You are on fire!
The liquid fire burns you!
You are on fire!
The liquid fire burns you!
You die...

##...## ...###.# ####
##.## .###..# #%# #...##
#.# ##.## #.# #.# ###
##.## #.######.. ##..%##
..##........
#....)##+##.....#####....
#..)....@....... #.#..##
#.....#####..... #.....
##...## ..# #.#..#. #####
# ......## .........
#........ #.### #


There were no monsters in sight!

Vanquished Creatures
  A bombardier beetle (D:3)
  2 adders
  A ribbon worm (D:3)
  3 dart slugs
  An orc (D:3)
  5 ball pythons
  6 endoplasms
  5 giant cockroaches
  7 goblins
  6 hobgoblins
  10 jackals
  3 quokkas
  2 bats (D:1)
  3 frilled lizards
  5 kobolds
  7 rats
67 creatures vanquished.

Notes
Turn   | Place    | Note
-------+----------+-------------------------------------------
     0 | D:1      | qw the Deep Elf Hunter began the quest for the Orb.
     0 | D:1      | Reached XP level 1. HP: 12/12 MP: 3/3
     0 | D:1      | 0 ||| qw: Version: 0.3-a-158-g18b3111
     0 | D:1      | 0 ||| qw: Game counter: 4281
     0 | D:1      | 0 ||| qw: Melee chars always use a shield: true
     0 | D:1      | 0 ||| qw: God list: Okawaru
     0 | D:1      | 0 ||| qw: Allow faded altars: false
     0 | D:1      | 0 ||| qw: Do Orc after clearing Dungeon:15 true
     0 | D:1      | 0 ||| qw: Do second Lair branch before Depths: true
     0 | D:1      | 0 ||| qw: Lair rune preference: random
     0 | D:1      | 0 ||| qw: Goals: Normal
     0 | D:1      | 0 ||| PLANNING D:1-11
   119 | D:1      | Reached skill level 6 in Ranged Weapons
   119 | D:1      | Reached XP level 2. HP: 16/16 MP: 4/4
   353 | D:1      | Reached XP level 3. HP: 19/20 MP: 5/5
   622 | D:1      | 622 ||| DROPPING +1 robe of positive energy.
   623 | D:1      | 623 ||| DROPPING scarf of shadows.
   624 | D:1      | 624 ||| READING 2 scrolls labelled WEL IXOYB FUOB.
   624 | D:1      | 624 ||| IDENTIFYING orange potion
   625 | D:1      | 625 ||| READING scroll of identify.
   625 | D:1      | 625 ||| IDENTIFYING 2 bubbling black potions
   626 | D:1      | 626 ||| READING scroll labelled TOL SUKUOZUI.
   627 | D:1      | 627 ||| READING scroll labelled OCWAUB YFYMID.
   627 | D:1      | 627 ||| ENCHANTING +0 shortbow.
   628 | D:1      | 628 ||| DRINKING 2 smoky black potions.
   629 | D:1      | 629 ||| DROPPING scroll of butterflies.
   630 | D:1      | 630 ||| DROPPING potion of invisibility.
   902 | D:2      | Reached skill level 7 in Ranged Weapons
  1356 | D:2      | Reached XP level 4. HP: 25/25 MP: 6/6
  1387 | D:2      | 1387 ||| READING scroll labelled SOROXT JADU.
  1388 | D:2      | 1388 ||| READING scroll labelled RUOGAMNE HOGEQU.
  1573 | D:3      | Identified the ring of Uradugut {rF+ rC+ rN+ Str-5}
  1722 | D:3      | Reached skill level 8 in Ranged Weapons
  1723 | D:3      | HP: 5/25 [burnt (3)]
  1724 | D:3      | HP: 2/25 [burnt (3)]
  1725 | D:3      | Incinerated by a bombardier beetle

Levels and vault maps discovered:
D:1:      ebering_trefoil_3fold, layout_basic, dreamdust_princess_bridge,
          chequers_mini_garden
D:2:      layout_basic
D:3:      minmay_octagon_keep, layout_loops_cross, serial_shops,
          nicolae_diamond_shop, minmay_circle_x

Skill      XL: |  1  2  3  4 |
---------------+-------------+-----
Ranged Weapons | 6 7 8 |  8.3
Fighting       | |  1.5
Dodging        | |  2.4
Stealth        | |  1.2

Action                     |  1- 3 |  4- 6 || total
---------------------------+-------+-------++-------
   Fire: Shortbow          |   141 |    38 ||   179
    Use: Scroll            |     4 |     2 ||     6
         Potion            |     1 |       ||     1
 Armour: Leather armour    |    35 |       ||    35
  Dodge: Dodged            |    35 |     3 ||    38

Table legend:
 A = Non-vault XP
 B = Vault XP
 C = Vault XP percentage of total XP
 D = Non-vault monster count
 E = Vault monster count
 F = Vault count percentage of total count
                 A         B        C        D         E       F
            +---------+---------+-------+---------+---------+-------
      Total |     114 |      73 |  39.0 |      56 |      11 |  16.4
            +---------+---------+-------+---------+---------+-------
        D:1 |      49 |       0 |   0.0 |      28 |       0 |   0.0
        D:2 |      48 |       0 |   0.0 |      21 |       0 |   0.0
        D:3 |      17 |      73 |  81.1 |       7 |      11 |  61.1
            +---------+---------+-------+---------+---------+-------
